 Dungeon Crawl Stone Soup version 0.31.0-10-gcf4a605ca0 (webtiles) character file.

Game seed: 12175709754957812990

3212 night the Slicer (level 9, -2/72 HPs)
             Began as a Vine Stalker Berserker on Jan 25, 2024.
             Was an Elder of Trog.
             Slain by a gnoll sergeant
             ... wielding a +0 halberd
              (8 damage)
             ... in a bailey.
             The game lasted 00:12:03 (5922 turns).

night the Slicer (Vine Stalker Berserker)           Turns: 5922, Time: 00:12:03

Health: -2/72      AC: 12    Str: 23    XL:     9   Next: 97%
Magic:  0/10       EV: 10    Int:  7    God:    Trog [****..]
Gold:   269        SH:  0    Dex: 15    Spells: 8/8 levels left

rFire   . . .        b - +2 dagger (venom)
rCold   . . .        (no shield)
rNeg    . . .        n - +3 chain mail "Monide" {rCorr}
rPois   .            (no helmet)
rElec   .            (no cloak)
rCorr   +            (no gloves)
SInv    +            (no boots)
Will    +....        (no amulet) Stlth
                     k - ring of resist corrosion
HPRegen 1.12/turn    s - ring of see invisible
MPRegen 0.12/turn

%: guardian spirit
@: berserking, very quick
A: fangs 3, regeneration 1, magic shield, antimagic bite, no potion heal 2
a: Renounce Religion, Berserk, Trog's Hand, Brothers in Arms


You were in a bailey.
You worshipped Trog.
Trog was greatly pleased with you.
You visited 1 branch of the dungeon, and saw 7 of its levels.
You also visited: Bailey.

You collected 269 gold pieces.

Inventory:

Hand Weapons
 a - the +1 dagger of the Eternal Void {flame, rPois Int+8 Dex-2 Stlth-}
   (You found it on level 2 of the Dungeon)

   Int+8:     It affects your intelligence (+8).
   Dex-2:     It affects your dexterity (-2).
   rPois:     It protects you from poison Stlth-: It makes you less stealthy.
 b - a +2 dagger of venom (weapon)
Missiles
 g - 9 javelins (quivered)
 m - 78 stones
 p - 9 poisoned darts
 y - 4 throwing nets
 A - 2 boomerangs
Armour
 n - the +3 chain mail "Monide" (worn) {rCorr}
   (You found it on level 2 of the Dungeon)

   rCorr:     It protects you from acid and corrosion.
Jewellery
 k - a ring of resist corrosion (left hand)
 s - a ring of see invisible (right hand)
 v - an amulet of faith
Wands
 u - a wand of flame (12)
 C - a wand of iceblast (9)
Scrolls
 c - 3 scrolls of enchant armour
 d - 3 scrolls of teleportation
 e - a scroll of revelation
 f - 4 scrolls of poison
 j - 6 scrolls of noise
 l - a scroll of fog
 x - 2 scrolls of enchant weapon
 B - a scroll of immolation
Potions
 h - 3 potions of lignification
 i - a potion of brilliance {unknown}
 o - a potion of enlightenment {unknown}
 q - a potion of magic {unknown}
 t - a potion of haste
 w - a potion of heal wounds {unknown}
 z - 4 potions of curing
 D - a potion of ambrosia {unknown}


   Skills:
 + Level 6.0 Fighting
 * Level 8.2 Short Blades
 + Level 5.1 Armour
 + Level 5.1 Dodging
 + Level 3.0 Evocations


You had 8 spell levels left.
You didn't know any spells.
Your spell library contained the following spells:

 Spells                   Type           Power      Damage    Failure   Level
 Call Imp                 Summ           0%         N/A       98%         2
 Sublimation of Blood     Necr           0%         N/A       98%         2
 Tukima's Dance           Hex            0%         N/A       100%        3
 Volatile Blastmotes      Fire/Tloc      0%         2d10      100%        3
 Dimensional Bullseye     Hex/Tloc       0%         N/A       100%        4
 Fulminant Prism          Conj/Alch      0%         3d5       100%        4
 Iskenderun's Mystic Bla  Conj/Tloc      0%         2d3       100%        4
 Summon Hydra             Summ           0%         N/A       100%        7


Dungeon Overview and Level Annotations

Branches:
Dungeon (7/15)             Temple (0/1) D:7          Bailey (1/1)

Altars:
Cheibriados
Gozag
Okawaru
Trog
Uskayaw
Xom

Annotations:
D:6 1 exclusion


Innate Abilities, Weirdness & Mutations

You have razor-sharp teeth.
Your natural rate of healing is unusually fast.
When hurt, damage is shared between your health and your magic reserves.
Your bite disrupts and absorbs the magic of your enemies.
Potions cannot restore your health.


Message History

A gnoll bouda comes into view. It is wielding a +0 trident.
Found 25 gold pieces.
The gnoll sergeant hits you but does no damage.
The gnoll bouda shouts!
The gnoll sergeant hits you from afar with a +0 halberd!
The gnoll sergeant hits you with a +0 halberd!
You hit the gnoll sergeant.
The gnoll sergeant is poisoned.
The gnoll sergeant is lightly wounded.
The gnoll sergeant barely misses you.
You closely miss the gnoll sergeant.
The gnoll sergeant is moderately wounded.
The gnoll sergeant hits you with a +0 halberd.
The gnoll bouda calls upon its god to heal the gnoll sergeant.
The gnoll sergeant is healed somewhat.
The gnoll sergeant hits you from afar with a +0 halberd!
You are too injured to fight recklessly!
You are too injured to fight recklessly!
You are too injured to fight recklessly!
A red film seems to cover your vision as you go berserk!
You feel yourself moving faster!
You feel mighty!
The gnoll sergeant hits you from afar with a +0 halberd!
* * * LOW HITPOINT WARNING * * *
You feel a strong urge to attack something.
There is an open door here.
You are too injured to fight recklessly!
The gnoll bouda barks out a call to the hunt!
The gnoll sergeants pick up the pace!
The gnoll sergeant hits you from afar with a +0 halberd.
* * * LOW HITPOINT WARNING * * *
You hit the gnoll sergeant but do no damage.
The gnoll sergeant looks as sick as possible!
The gnoll sergeant is lightly wounded.
You puncture the gnoll sergeant! Your bite misses the gnoll sergeant.
The gnoll sergeant is heavily wounded.
The gnoll bouda hits you from afar with a +0 trident.
* * * LOW HITPOINT WARNING * * *
The gnoll sergeant hits you with a +0 halberd.
* * * LOW HITPOINT WARNING * * *
The gnoll sergeant hits you from afar with a +0 halberd!
You die...

#..≈.♣ #..≈.♣♣ #..≈..♣
#### #..≈..♣ ##...#
#..≈..♣♣
#.....######..≈...♣♣
...$..g#...'.......♣♣♣#
...8..g'@g.'......))†∩#
...$...#...'.......♣♣♣#
#.....######..≈...♣♣
##...# #..≈...♣ ####
#..≈...♣ #..≈..♣♣
#..≈.♣♣ #..≈.♣


You could see 2 gnoll sergeants and a gnoll bouda.

Vanquished Creatures
  A manticore (D:6)
  Grinder (D:3)
  Sigmund (D:4)
  A vampire (D:6)
  Eustachio (D:4)
  A water moccasin (D:6)
  A sky beast (D:6)
  3 ice beasts
  3 ogres
  2 centaurs (D:6)
  A kobold brigand (D:6)
  3 scorpions
  A bullfrog (D:6)
  2 wights (D:7)
  3 electric eels (D:3)
  A bombardier beetle (D:6)
  2 orc priests (D:5)
  4 hounds
  A sleepcap (D:5)
  7 iguanas
  4 orc wizards
  2 gnolls (Bailey)
  7 adders
  2 river rats (D:6)
  A shadow imp (D:5)
  6 ufetubi
  2 dart slugs
  4 ribbon worms
  19 orcs
  3 endoplasms
  3 giant cockroaches
  11 goblins
  6 hobgoblins
  11 kobolds
  3 quokkas
  13 ball pythons
  5 bats
  4 frilled lizards
  8 rats
154 creatures vanquished.

Notes
Turn   | Place    | Note
-------+----------+-------------------------------------------
     0 | D:1      | night the Vine Stalker Berserker began the quest for the
                  | Orb.
     0 | D:1      | Reached XP level 1. HP: 11/11 MP: 2/2
   194 | D:1      | Reached XP level 2. HP: 16/16 MP: 3/3
   335 | D:1      | Reached skill level 3 in Short Blades
   802 | D:2      | Identified the +1 dagger of the Eternal Void {flame, rPois
                  | Int+8 Dex-2 Stlth-}
   861 | D:2      | Reached XP level 3. HP: 18/19 MP: 2/4
  1046 | D:2      | Identified the +3 chain mail "Monide" {rCorr}
  1177 | D:2      | Reached ** piety under Trog
  1208 | D:2      | Found a faded altar of an unknown god.
  1260 | D:2      | Reached skill level 2 in Dodging
  1505 | D:3      | Reached skill level 2 in Armour
  1587 | D:3      | Noticed Grinder
  1606 | D:3      | Killed Grinder
  1607 | D:3      | Reached skill level 4 in Short Blades
  1607 | D:3      | Reached XP level 4. HP: 23/24 MP: 5/5
  1607 | D:3      | Reached XP level 5. HP: 27/28 MP: 6/6
  1607 | D:3      | Reached XP level 6. HP: 31/32 MP: 7/7
  1658 | D:3      | Found a shimmering altar of Xom.
  1680 | D:3      | Found a transporter.
  1699 | D:3      | Found a transporter.
  2572 | D:4      | Reached XP level 7. HP: 37/37 MP: 6/8
  2656 | D:4      | Found an opulent altar of Gozag.
  2689 | D:4      | Noticed Sigmund
  2705 | D:4      | Killed Sigmund
  2706 | D:4      | Reached skill level 5 in Short Blades
  2743 | D:4      | Noticed Eustachio
  2778 | D:4      | Killed Eustachio
  2778 | D:4      | Reached *** piety under Trog
  3208 | D:4      | Gained mutation: You have razor-sharp teeth. [Vine Stalker
                  | growth]
  3208 | D:4      | Reached XP level 8. HP: 40/42 MP: 9/9
  3266 | D:5      | Entered Level 5 of the Dungeon
  3345 | D:5      | Reached skill level 6 in Short Blades
  3735 | D:5      | Found a hide-covered altar of Uskayaw.
  3802 | D:5      | HP: 6/42 [poisoned by an orc wizard]
  3807 | D:5      | HP: 5/42 [poisoned by an orc wizard]
  3996 | D:5      | Reached skill level 5 in Fighting
  4219 | D:5      | Found a bloodstained altar of Trog.
  4537 | D:6      | Reached skill level 1 in Evocations
  4548 | D:6      | Reached **** piety under Trog
  4603 | D:6      | Reached XP level 9. HP: 28/47 MP: 10/10
  4692 | D:6      | Reached skill level 7 in Short Blades
  4894 | D:6      | Found a snail-covered altar of Cheibriados.
  4955 | D:6      | Reached skill level 2 in Evocations
  5016 | D:6      | Found an iron altar of Okawaru.
  5386 | D:6      | Noticed a manticore
  5411 | D:6      | HP: 10/70 [manticore (5)]
  5413 | D:6      | Killed a manticore
  5709 | D:7      | Reached skill level 8 in Short Blades
  5771 | D:7      | Reached skill level 5 in Armour
  5771 | D:7      | Reached skill level 5 in Dodging
  5800 | D:7      | Found a flagged portal.
  5819 | Bailey   | Entered a bailey
  5920 | Bailey   | HP: 10/72 [gnoll sergeant/+0 halberd (5)]
  5922 | Bailey   | Slain by a gnoll sergeant

Illustrated notes

Levels and vault maps discovered:
D:1:      tarquinn_simple_flora_water_c, layout_loops_cross,
          serial_bayou_lagoon_a, minmay_misc_feat_iff, minmay_misc_feat_enclosed
D:2:      layout_loops_cross, dreamdust_ecumenical_altar_grove
D:3:      gammafunk_steamed_eel, layout_loops_corners,
          nicolae_overflow_crystal_walls, minivault_11, uniq_grinder
D:4:      layout_loops_ring, grunt_gozag_statues, st_stairs_8,
          dk_noncrumbling_2, uniq_sigmund, uniq_eustachio
D:5:      layout_loops_corners, mainiacjoe_overflow_six_doors_small,
          overflow_temple_1_default
D:6:      layout_basic, slow_altar_2, kennysheep_okawaru_gauntlet,
          portal_sewer_entry_e, minmay_microvault
D:7:      layout_basic, minmay_temple_entry_sparse_star, enter_bailey_5,
          dreamdust_princess_corridor, minmay_small_thing, uniq_maurice,
          uniq_joseph
Bailey:   bailey_polearm_gnolls_kennysheep, bailey

Skill      XL: |  1  2  3  4  5  6  7  8  9 |
---------------+----------------------------+-----
Short Blades   | 3 4 5 6 8 |  8.2
Fighting       | 3 4 5 6 |  6.0
Dodging        | 2 3 4 5 |  5.1
Armour         | 2 3 4 5 |  5.1
Evocations     | 1 3 |  3.0

Action                     |  1- 3 |  4- 6 |  7- 9 || total
---------------------------+-------+-------+-------++-------
  Melee: Short sword       |    92 |       |       ||    92
         Bite              |    37 |    12 |   136 ||   185
         Dagger            |    59 |    42 |   444 ||   545
         Punch             |     1 |       |    11 ||    12
 Invoke: Berserk           |       |       |     3 ||     3
  Evoke: Wand              |       |     2 |     1 ||     3
    Use: Scroll            |       |       |    10 ||    10
         Potion            |       |       |     4 ||     4
 Armour: Animal skin       |    44 |       |       ||    44
         Chain mail        |    19 |    27 |   303 ||   349
         Skin              |       |       |    11 ||    11
  Dodge: Dodged            |    66 |    22 |   201 ||   289
